 Dungeon Crawl Stone Soup version 0.30.1-4-g462c640d31 (webtiles) character file.

Game seed: 4395159094911977272

1264 Wiggles the Cleaver (level 8, -5/99 HPs)
             Began as a Minotaur Berserker on Aug 15, 2023.
             Was a Priest of Trog.
             Slain by a troll (11 damage)
             ... on level 5 of the Dungeon.
             The game lasted 00:05:40 (3797 turns).

Wiggles the Cleaver (Minotaur Berserker)            Turns: 3797, Time: 00:05:41

Health: -5/99      AC:  2    Str: 23    XL:     8   Next: 27%
Magic:  7/7        EV:  9    Int:  4    God:    Trog [***...]
Gold:   165        SH:  0    Dex: 11    Spells: 7/7 levels left

rFire   . . .        a - +0 hand axe
rCold   . . .        (no shield)
rNeg    . . .        e - +0 chain mail
rPois   .            (helmet restricted)
rElec   .            r - +0 cloak
rCorr   .            (no gloves)
SInv    .            (no boots)
Will    .....        (no amulet) Stlth
                     (no ring)
HPRegen 0.36/turn    (no ring)
MPRegen 0.10/turn

%: no passive effects
@: berserking, corroded, very quick
A: horns 2, retaliatory headbutt
a: Renounce Religion, Berserk, Trog's Hand


You were on level 5 of the Dungeon.
You worshipped Trog.
Trog was most pleased with you.
You visited 1 branch of the dungeon, and saw 5 of its levels.

You collected 165 gold pieces.

Inventory:

Hand Weapons
 a - a +0 hand axe (weapon)
Armour
 e - a +0 chain mail (worn)
 r - a +0 cloak (worn)
Jewellery
 m - a ring of magical power
 s - a ring of magical power
Wands
 t - a wand of paralysis (10)
Scrolls
 b - 2 scrolls of vulnerability {unknown}
 c - 2 scrolls of poison {unknown}
 d - 2 scrolls of acquirement {unknown}
 f - a scroll of enchant weapon {unknown}
 h - 6 scrolls of identify {unknown}
 o - a scroll of amnesia {unknown}
 p - a scroll of magic mapping {unknown}
 w - a scroll of noise {unknown}
 x - a scroll of blinking {unknown}
 y - a scroll of silence {unknown}
Potions
 g - a potion of mutation {unknown}
 i - 3 potions of heal wounds {unknown}
 j - 5 potions of attraction {unknown}
 k - 2 potions of invisibility {unknown}
 l - a potion of might {unknown}
 n - a potion of lignification {unknown}
 q - 4 potions of curing {unknown}
 u - a potion of brilliance {unknown}
 v - a potion of degeneration {unknown}


   Skills:
 - Level 3.7 Fighting
 + Level 12.0 Axes
 - Level 2.4 Armour
 - Level 2.2 Dodging
 + Level 2.0 Stealth


You had 7 spell levels left.
You didn't know any spells.
Your spell library was empty.

Dungeon Overview and Level Annotations

Branches:
Dungeon (5/15)
 Temple: D:4-7

Altars:
Nemelex Xobeh
Zin

Shops:
D:3 *


Innate Abilities, Weirdness & Mutations

You have a pair of horns on your head.
You reflexively headbutt those who attack you in melee.


Message History

Found three items.
There is an open door here.
You slash the jelly! The acid corrodes you!
Your hands burn!
The jelly is heavily wounded.
You hit the orc but do no damage. The jelly hits you but does no damage.
The orc barely misses you. You furiously retaliate!
You headbutt the orc. You hit the jelly. The acid corrodes you!
Your hands burn!
You headbutt the jelly.
You kill the jelly!
Trog accepts your kill.
You hit the orc. The orc hits you with a +4 flail.
Your Axes skill increases to level 12!
You hit the orc.
You kill the orc!
Trog accepts your kill. The yak gores you!
There is an open door, spattered with blood here.
You barely miss the yak. You closely miss the troll.
You hit the orc but do no damage. The troll barely misses you.
The troll claws you! The troll claws you. The orc hits you but does no damage.
The yak gores you.
A red film seems to cover your vision as you go berserk!
You feel yourself moving faster!
You feel mighty! The orc hits you but does no damage. The troll bites you.
The troll barely misses you. The troll claws you.
* * * LOW HITPOINT WARNING * * *
The yak barely misses you.
You hit the yak.
The yak is lightly wounded.
You hit the troll. You closely miss the orc. You hit the yak.
You headbutt the yak.
The yak is moderately wounded.
You closely miss the orc. You hit the troll. The orc hits you with a +0 club.
* * * LOW HITPOINT WARNING * * *
The yak gores you.
* * * LOW HITPOINT WARNING * * *
The troll bites you!
* * * LOW HITPOINT WARNING * * *
The troll claws you!
You die...

###..##..#'#......#
##..#.##.##....##
##...#...#...##
##.#######..##
##.#[)...#...#
#..#.....'...#
#.#########..#
#.#T.....?#.##
#.@Y.....[#..#
##.#o.....!#..##
#..#########...#
##...# +..###
##....# #.##
##.###.## ##.#
##.####..# #..#
##.####...## ##..#
##.####.....#+#...#


You could see a yak, a troll and an orc.

Vanquished Creatures
  Pikel (D:4)
  Duvessa (D:4)
  A phantom (D:5)
  2 scorpions
  Dowan (D:4)
  2 hounds
  A jelly (D:5)
  An iguana (D:5)
  Terence (D:2)
  2 orc wizards
  Robin (D:2)
  5 gnolls
  9 adders
  A shadow imp (D:5)
  A white imp (D:5)
  A worm (D:3)
  4 dart slugs
  8 orcs
  10 endoplasms
  2 giant cockroaches
  8 hobgoblins
  7 jackals
  4 kobolds
  2 quokkas
  7 ball pythons
  7 bats
  4 frilled lizards
  12 goblins
  4 rats
110 creatures vanquished.

Vanquished Creatures (others)
  A goblin (D:2)
1 creature vanquished.

Grand Total: 111 creatures vanquished

Notes
Turn   | Place    | Note
-------+----------+-------------------------------------------
     0 | D:1      | Wiggles the Minotaur Berserker began the quest for the Orb.
     0 | D:1      | Reached XP level 1. HP: 19/19 MP: 0/0
   111 | D:1      | Reached skill level 4 in Axes
   119 | D:1      | Reached XP level 2. HP: 27/27 MP: 1/1
   315 | D:1      | Reached skill level 5 in Axes
   315 | D:1      | Reached XP level 3. HP: 24/33 MP: 2/2
   672 | D:2      | Reached ** piety under Trog
   690 | D:2      | Noticed Terence
   691 | D:2      | Noticed Robin
   699 | D:2      | Killed Terence
   700 | D:2      | Reached XP level 4. HP: 40/40 MP: 3/3
   703 | D:2      | Killed Robin
   712 | D:2      | Reached skill level 6 in Axes
   916 | D:2      | Found a faded altar of an unknown god.
  1215 | D:2      | Found a glowing silver altar of Zin.
  1471 | D:2      | Reached XP level 5. HP: 46/46 MP: 4/4
  1477 | D:2      | Reached skill level 7 in Axes
  1728 | D:3      | Found Jisap's Assorted Antiques.
  2203 | D:4      | Reached skill level 1 in Stealth
  2248 | D:4      | Found a sparkling altar of Nemelex Xobeh.
  2309 | D:4      | Noticed Duvessa
  2309 | D:4      | Noticed Dowan
  2328 | D:4      | Killed Duvessa
  2329 | D:4      | Reached skill level 8 in Axes
  2329 | D:4      | Reached XP level 6. HP: 44/52 MP: 5/5
  2343 | D:4      | HP: 1/52 [Dowan/stone arrow (10)]
  2345 | D:4      | Killed Dowan
  2401 | D:4      | Reached *** piety under Trog
  2670 | D:4      | Noticed Pikel
  2685 | D:4      | Killed Pikel
  2686 | D:4      | Reached skill level 10 in Axes
  2686 | D:4      | Reached XP level 7. HP: 21/58 MP: 6/6
  3052 | D:4      | Reached skill level 11 in Axes
  3241 | D:5      | Entered Level 5 of the Dungeon
  3375 | D:5      | Reached XP level 8. HP: 66/66 MP: 7/7
  3787 | D:5      | Noticed a troll
  3791 | D:5      | Reached skill level 12 in Axes
  3797 | D:5      | Slain by a troll

Illustrated notes

Levels and vault maps discovered:
D:1:      saegor_arrival_simple_c, layout_loops_cross
D:2:      layout_loops_ring, basic_ecumenical_altar, basic_altar,
          minmay_tromino_mix6, uniq_terence, uniq_robin
D:3:      layout_loops_ring, serial_shops, nicolae_shop_behind_doors
D:4:      layout_gridville, mainiacjoe_overflow_small_starburst, uniq_duvessa,
          uniq_pikel
D:5:      cheibrodos_quashed, layout_cave_pods, minmay_divided_ellipse,
          uniq_edmund

Skill      XL: |  1  2  3  4  5  6  7  8 |
---------------+-------------------------+-----
Axes           | 4 5 6 8 10 11 12 | 12.0
Stealth        | 1 2 |  2.0
Fighting       | |  3.7
Armour         | |  2.4
Dodging        | |  2.2

Action                     |  1- 3 |  4- 6 |  7- 9 || total
---------------------------+-------+-------+-------++-------
  Melee: Hand axe          |    56 |   137 |    90 ||   283
         Headbutt          |     8 |    26 |    17 ||    51
         Punch             |       |     1 |     1 ||     2
 Invoke: Berserk           |     2 |     3 |     1 ||     6
   Stab: Sleeping          |     1 |       |       ||     1
 Armour: Animal skin       |     5 |       |       ||     5
         Chain mail        |    18 |    81 |    27 ||   126
  Dodge: Dodged            |    37 |    58 |    41 ||   136
